 Dungeon Crawl Stone Soup version 0.31-a0-4-gefa6de2278 (webtiles) character file.

Game seed: 7936718759002103609

16377 qeuew the Protected (level 12, -5/96 (107) HPs)
             Began as a Minotaur Fighter on May 4, 2023.
             Was a High Priest of Ru.
             Killed from afar by a lindwurm (38 damage)
             ... with a blast of flame
             ... on level 2 of the Lair of Beasts.
             The game lasted 00:16:53 (13157 turns).

qeuew the Protected (Minotaur Fighter)             Turns: 13157, Time: 00:16:54

HP:   -5/96 (107)   AC:  8    Str: 24    XL:     12   Next: 9%
MP:   11/11         EV: 13    Int:  5    God:    Ru [*****.]
Gold: 816           SH:  7    Dex: 18    Spells: 11/11 levels left

rFire   . . .        a - +0 war axe
rCold   . . .        c - +0 buckler
rNeg    . . .        i - +0 chain mail "Sishamik" {rElec Stlth+}
rPois   +            (helmet unavailable)
rElec   +            (no cloak)
rCorr   .            (no gloves)
SInv    .            (no boots)
Will    .....        (no amulet) Stlth
                     m - +6 ring of dexterity
HPRegen 0.36/turn    f - ring of poison resistance
MPRegen 0.12/turn

%: random rage (3%)
@: heavily drained
A: horns 3, no stealth, inability to use devices, reduced AC 1, weak-willed 1,
retaliatory headbutt, claws 1, berserk 1
a: Renounce Religion, Draw Out Power, Power Leap, Apocalypse


You were on level 2 of the Lair of Beasts.
You worshipped Ru.
Ru was extremely pleased with you.
You visited 2 branches of the dungeon, and saw 12 of its levels.
You also visited: Volcano.

You collected 816 gold pieces.

Inventory:

Hand Weapons
 a - a +0 war axe (weapon)
Missiles
 b - 4 throwing nets (quivered)
Armour
 c - a +0 buckler (worn)
 i - the +0 chain mail "Sishamik" (worn) {rElec Stlth+}
   (You found it on level 5 of the Dungeon)

   rElec:     It insulates you from electricity.
   Stlth:     It makes you more stealthy.
Jewellery
 f - a ring of poison resistance (right claw)
 h - a ring of see invisible
 m - a +6 ring of dexterity (left claw)
Scrolls
 k - 3 scrolls of teleportation
 l - 3 scrolls of fog
 p - a scroll of fear
Potions
 d - 7 potions of might
 g - a potion of cancellation
 o - 2 potions of haste


   Skills:
 + Level 10.3 Fighting
 + Level 10.0 Axes
 * Level 14.2 Armour
 + Level 8.8 Dodging
 + Level 10.5 Shields


You had 11 spell levels left.
You didn't know any spells.
Your spell library contained the following spells:

 Spells                   Type           Power      Damage    Failure   Level
 Apportation              Tloc           0%         N/A       91%         1
 Foxfire                  Conj/Fire      0%         2x1d4     91%         1
 Sandblast                Erth           0%         2d4       91%         1
 Passwall                 Tmut/Erth      0%         N/A       97%         2
 Dazzling Flash           Conj/Hex       0%         N/A       100%        3
 Stone Arrow              Conj/Erth      0%         3d7       100%        3
 Summon Guardian Golem    Hex/Summ       0%         N/A       100%        3
 Vhi's Electric Charge    Tloc/Air       0%         N/A       100%        3
 Volatile Blastmotes      Fire/Tloc      0%         2d10      100%        3
 Iskenderun's Mystic Bla  Conj/Tloc      0%         2d3       100%        4
 Alistair's Intoxication  Tmut/Pois      0%         N/A       100%        5
 Arcjolt                  Conj/Air       0%         1d10      100%        5
 Borgnjor's Vile Clutch   Necr/Erth      0%         N/A       100%        5
 Fireball                 Conj/Fire      0%         3d3       100%        5
 Eringya's Noxious Bog    Tmut/Pois      0%         N/A       100%        6
 Plasma Beam              Fire/Air       0%         2x1d11    100%        6
 Starburst                Conj/Fire      0%         6d3       100%        6
 Orb of Destruction       Conj           0%         9d5       100%        7
 Spellforged Servitor     Conj/Summ      0%         N/A       100%        7


Dungeon Overview and Level Annotations

Branches:
Dungeon (10/15)            Temple (0/1) D:6            Lair (2/5) D:10
Volcano (visited)
  Swamp: Lair:2-3    Shoals: Lair:2-3     Snake: Lair:2-3    Spider: Lair:2-3
    Orc: D:9-12

Altars:
Gozag
Ru
Trog
Wu Jian

Shops:
D:6 :!


Innate Abilities, Weirdness & Mutations

You have a pair of large horns on your head.
You cannot be stealthy.
You cannot study or use magical devices.
You take slightly more damage. (AC -5)
You are slightly weak-willed. (Will-)
You reflexively headbutt those who attack you in melee.
You have sharp fingernails.
You sometimes lose your temper in combat.


Message History

You are restored by drawing out deep reserves of power within.
You feel drained.
You are engulfed in blazing flames.
You are engulfed in blazing flames.
* * * LOW HITPOINT WARNING * * *
A lava snake comes into view.
The lava snake hisses angrily.
You hear an angry hiss.
A lava snake comes into view.
The lava snake spits lava at you. The glob of lava hits you.
* * * LOW HITPOINT WARNING * * *
Blink to where?
Press: ? - help, Dir - move target
As you read the scroll of blinking, it crumbles to dust.
You feel less exhausted.
Unknown command.
Okay, then.
You are restored by drawing out deep reserves of power within.
You feel drained.
Okay, then.
The air gets thick with the scent of sulphur.
The volcano roars to life, belching forth lava!
The lava snake spits lava at you. The glob of lava hits you!
You redirect the lava snake's attack!
The lava snake spits lava at itself.
The glob of lava hits the lava snake!
The lava snake partially resists.
You feel less exhausted.
The lava snake begins to attack, but is stunned by your conviction!
There is a rocky tunnel leading out of this place here.
Welcome back to the Lair of Beasts!
The lindwurm begins to attack, but is stunned by your conviction!
There is a collapsed entrance here.
The lindwurm breathes flames at you. The blast of flame hits you!!
Why would you want to do that? Why would you want to do that?
Why would you want to do that? The lindwurm breathes flames at you.
The blast of flame hits you!!!
You die...

#$ #.. #.. #..
##.###############
#..#...#§§@....#.######
#...#...≈§§≈≈....§...#
#...#≈≈§≈§..≈≈≈..§≈≈≈#
#...##......k.≈§≈§≈§.#
#.#...########......##
#.##### ######## #.#.
#..###################....
#................##.... #.
#..#.............##....##.


You could see a lindwurm (catching breath).

Vanquished Creatures
  A hydra (Lair:2)
  A catoblepas (D:10)
  Erica (Lair:2)
  2 boulder beetles (D:10)
  2 two-headed ogres (D:10)
  A manticore (D:10)
  A gargoyle (D:10)
  A black mamba (Lair:1)
  3 cane toads
  A komodo dragon (Lair:1)
  A rime drake (Lair:2)
  A polar bear (Lair:1)
  5 blink frogs (Lair:2)
  A shadow (D:9)
  16 yaks
  A wraith (D:9)
  2 wyverns
  A fire bat (Volcano)
  The ghost of Pimp the Poker, an amateur MfFi (D:4)
  3 basilisks
  A steam dragon (D:8)
  4 water moccasins
  2 sky beasts (D:7)
  3 black bears
  2 ice beasts
  3 orc warriors
  3 centaurs
  3 ogres
  A phantom (D:6)
  Blork the orc (D:5)
  8 bullfrogs
  A kobold brigand (D:8)
  3 gnoll sergeants
  3 scorpions
  9 wights
  19 killer bees
  An electric eel (D:9)
  3 howler monkeys
  2 lava snakes (Volcano)
  6 hounds
  4 jellies
  7 orc priests
  2 gnoll boudas
  2 sleepcaps
  5 iguanas
  10 orc wizards
  32 gnolls
  13 adders
  2 shadow imps
  2 white imps
  3 ufetubi
  3 worms
  4 dart slugs
  31 orcs
  5 endoplasms
  2 giant cockroaches
  4 goblins
  7 hobgoblins
  3 jackals (D:2)
  3 quokkas
  7 ball pythons
  5 bats
  3 frilled lizards (D:1)
  7 kobolds
  7 rats
297 creatures vanquished.

Vanquished Creatures (others)
  A komodo dragon (Lair:1)
  3 gnolls
  An adder (D:5)
  13 fungi (Lair:2)
  14 plants
32 creatures vanquished.

Grand Total: 329 creatures vanquished

Notes
Turn   | Place    | Note
-------+----------+-------------------------------------------
     0 | D:1      | qeuew the Minotaur Fighter began the quest for the Orb.
     0 | D:1      | Reached XP level 1. HP: 19/19 MP: 0/0
   145 | D:1      | Reached XP level 2. HP: 27/27 MP: 1/1
   379 | D:1      | Reached skill level 4 in Armour
   880 | D:2      | Reached skill level 1 in Dodging
   880 | D:2      | Reached XP level 3. HP: 33/33 MP: 2/2
   991 | D:2      | Reached XP level 4. HP: 40/40 MP: 3/3
  1449 | D:2      | Gained mutation: You are vulnerable to heat. (rF-) [potion
                  | of mutation]
  1449 | D:2      | Gained mutation: You occasionally shout uncontrollably at
                  | your foes. [potion of mutation]
  1450 | D:2      | Lost mutation: You are vulnerable to heat. (rF-) [potion of
                  | mutation]
  1450 | D:2      | Lost mutation: You occasionally shout uncontrollably at
                  | your foes. [potion of mutation]
  1450 | D:2      | Gained mutation: You sometimes lose your temper in combat.
                  | [potion of mutation]
  1450 | D:2      | Gained mutation: You have sharp fingernails. [potion of
                  | mutation]
  1450 | D:2      | Gained mutation: You have a pair of large horns on your
                  | head. [potion of mutation]
  1646 | D:3      | Found a faded altar of an unknown god.
  1650 | D:3      | Prayed at the altar of an unknown god.
  1650 | D:3      | Became a worshipper of Ru the Awakened
  1659 | D:3      | Gained mutation: You cannot study or use magical devices.
                  | [Ru sacrifice]
  1659 | D:3      | Reached * piety under Ru
  1659 | D:3      | Reached ** piety under Ru
  1778 | D:3      | Found the +7 staff of the Meek {protect, meekguard}
  1782 | D:3      | Reached skill level 5 in Armour
  1783 | D:3      | Reached XP level 5. HP: 47/47 MP: 4/4
  1853 | D:3      | Found an opulent altar of Gozag.
  2187 | D:4      | Reached XP level 6. HP: 51/55 MP: 5/5
  2467 | D:4      | Noticed Pimp's ghost (amateur MfFi)
  2473 | D:4      | Found a runed translucent gate.
  2473 | D:4      | Found a runed translucent gate.
  2476 | D:4      | Found a runed translucent gate.
  2488 | D:4      | Reached skill level 5 in Fighting
  2488 | D:4      | Reached skill level 6 in Armour
  2490 | D:4      | Reached skill level 5 in Shields
  2559 | D:4      | Found a sacrificial altar of Ru.
  2559 | D:4      | Found an ornate altar of the Wu Jian Council.
  2989 | D:4      | Reached XP level 7. HP: 48/61 MP: 6/6
  2998 | D:4      | Killed Pimp's ghost
  3107 | D:5      | Entered Level 5 of the Dungeon
  3353 | D:5      | Noticed Blork the orc
  3359 | D:5      | Reached skill level 7 in Armour
  3361 | D:5      | Killed Blork the orc
  3366 | D:5      | Noticed a yak
  3377 | D:5      | Killed a yak
  3378 | D:5      | Reached skill level 5 in Axes
  3378 | D:5      | Reached XP level 8. HP: 49/70 MP: 3/7
  3585 | D:5      | Identified the +0 chain mail "Sishamik" {rElec Stlth+}
  3606 | D:5      | You fall into a shaft and drop 1 floor!
  3619 | D:6      | Reached skill level 8 in Armour
  3756 | D:6      | Found a staircase to the Ecumenical Temple.
  3790 | D:6      | Gained mutation: You take slightly more damage. (AC -5) [Ru
                  | sacrifice]
  3790 | D:6      | Reached *** piety under Ru
  4381 | D:5      | Reached skill level 9 in Armour
  4383 | D:5      | Reached XP level 9. HP: 22/78 MP: 1/8
  4571 | D:5      | Reached skill level 5 in Dodging
  5180 | D:6      | Found Niexoacu's Tremendous Tomes.
  5409 | D:6      | Found Afurch's Distillery.
  5516 | D:7      | HP: 3/79 [poisoned by a killer bee]
  6001 | D:7      | Reached skill level 10 in Armour
  6795 | D:8      | Reached XP level 10. HP: 87/87 MP: 9/9
  6902 | D:8      | Gained mutation: You are slightly weak-willed. (Will-) [Ru
                  | sacrifice]
  6902 | D:8      | Reached **** piety under Ru
  6902 | D:8      | Reached ***** piety under Ru
  7122 | D:8      | Reached skill level 11 in Armour
  7699 | D:8      | Identified the +11 rapier of Haidigeh {venom, rElec rN++}
  7747 | D:8      | Found a bloodstained altar of Trog.
  9161 | D:10     | Entered Level 10 of the Dungeon
  9164 | D:10     | Noticed a manticore
  9311 | D:10     | Killed a manticore
  9312 | D:10     | Reached skill level 12 in Armour
  9474 | D:10     | Noticed a gargoyle
  9482 | D:10     | Killed a gargoyle
  9483 | D:10     | Reached XP level 11. HP: 57/97 MP: 10/10
  9499 | D:10     | Noticed a catoblepas
  9510 | D:10     | Killed a catoblepas
  9584 | D:10     | HP: 4/84 [poisoned by a killer bee]
  9847 | D:10     | Found a staircase to the Lair.
  9847 | D:10     | Noticed a two-headed ogre
  9850 | D:10     | Noticed a boulder beetle
  9854 | D:10     | Noticed a two-headed ogre
 10043 | D:10     | Gained mutation: You cannot be stealthy. [Ru sacrifice]
 10097 | D:10     | Killed a boulder beetle
 10248 | D:10     | Killed a two-headed ogre
 10249 | D:10     | Reached skill level 13 in Armour
 10263 | D:10     | Noticed a boulder beetle
 10427 | D:10     | Killed a two-headed ogre
 10697 | D:10     | Killed a boulder beetle
 10944 | Lair:1   | Entered Level 1 of the Lair of Beasts
 11504 | Lair:1   | Reached skill level 10 in Shields
 11972 | Lair:1   | Reached skill level 10 in Fighting
 12484 | Lair:2   | Noticed Erica
 12485 | Lair:2   | Killed Erica
 12486 | Lair:2   | Reached skill level 14 in Armour
 12486 | Lair:2   | Reached XP level 12. HP: 91/106 MP: 2/11
 12507 | Lair:2   | Noticed a four-headed hydra
 12524 | Lair:2   | Killed an eight-headed hydra
 12525 | Lair:2   | Reached skill level 10 in Axes
 12820 | Lair:2   | Found a dark tunnel.
 12830 | Volcano  | Entered a volcano
 13157 | Lair:2   | Killed from afar by a lindwurm

Illustrated notes

Levels and vault maps discovered:
D:1:      erik_arrival_blinker_ship, layout_loops_corners, minmay_tromino_v7
D:2:      layout_loops_ring, hangedman_decor_peaks_small
D:3:      layout_rooms, mainiacjoe_overflow_brackets,
          shapermc_ecumenical_altar_mp_ritualfount, pf_guarded_unrand_meek
D:4:      layout_cave_pods, nicolae_overflow_two_pavilions,
          gammafunk_ghost_split
D:5:      kennysheep_six_static_rooms, layout_cave_pods, serial_glass,
          glass_columns_a, glass_columns_c, minmay_chambers_of_fives,
          uniq_blork_the_orc
D:6:      layout_basic, temple_fountains, serial_shops, shop, chequers_jeans,
          hangedman_abyss_or_decor_passed, nicolae_shop_i_like_big_books
D:7:      layout_basic
D:8:      layout_loops_ring, trog_ov_bears_minmay, st_stairs_11,
          hangedman_abyss_or_decor_stabs, minmay_misc_feat_room
D:9:      layout_long_grid, water_maze_lemuel
D:10:     minmay_roctagon, layout_cave_pools, lair_entry_dummy,
          hangedman_decor_riveting, minmay_misc_feat_nine_boxes
Lair:1:   layout_misc_corridors, chequers_serial_rivers_micro_b,
          grunt_forest_small_clearing_treed
Lair:2:   layout_regular_city, nicolae_volcano_entry_vermiform,
          nicolae_lair_grove_arrangements, grunt_megastairs_2, uniq_fannar,
          uniq_erica

Skill      XL: |  1  2  3  4  5  6  7  8  9 10 11 12 |
---------------+-------------------------------------+-----
Armour         | 4 5 6 7 9 10 12 14 | 14.2
Fighting       | 4 5 6 7 9 10 | 10.3
Dodging        | 1 2 3 4 6 7 8 |  8.8
Shields        | 4 5 6 8 9 10 | 10.5
Axes           | 3 4 5 6 7 8 9 10 | 10.0

Action                     |  1- 3 |  4- 6 |  7- 9 | 10-12 || total
---------------------------+-------+-------+-------+-------++-------
  Melee: War axe           |    56 |   122 |   265 |   345 ||   788
         Headbutt          |     7 |    20 |    52 |    85 ||   164
 Invoke: Sacrifice Artific |       |     1 |       |       ||     1
         Sacrifice Health  |       |       |     1 |       ||     1
         Apocalypse        |       |       |       |     5 ||     5
         Sacrifice Essence |       |       |       |     1 ||     1
         Power Leap        |       |       |       |     2 ||     2
         Sacrifice Stealth |       |       |       |     1 ||     1
         Draw Out Power    |       |       |       |     2 ||     2
    Use: Scroll            |     3 |     7 |     1 |     5 ||    16
         Potion            |     2 |     4 |     6 |     1 ||    13
   Stab: Distracted        |       |       |     2 |     2 ||     4
         Invisible         |       |       |       |     5 ||     5
         Paralysed         |       |       |       |     1 ||     1
 Armour: Scale mail        |    30 |    55 |    24 |       ||   109
         Chain mail        |       |       |    72 |    71 ||   143
  Dodge: Dodged            |    34 |    36 |   134 |   143 ||   347
  Block: Buckler           |    12 |    31 |    76 |   111 ||   230

Table legend: (Time is in decaauts)
 A = Elapsed time spent in this place.
 B = Non-inter-level travel time spent in this place.
 C = Inter-level travel time spent in this place.
 D = Time resting spent in this place.
 E = Time spent auto-exploring this place.
 F = Levels seen in this place.
 G = Mean time per level.
                   A        B        C        D        E       F      G
               +--------+--------+--------+--------+--------+-----+--------+
         Total |  13506 |  13219 |    287 |    732 |  10226 |  13 | 1038.9 |
       Dungeon |  11264 |  10992 |    272 |    732 |   8446 |  10 | 1126.4 |
          Lair |   1927 |   1912 |     15 |      0 |   1607 |   2 |  963.5 |
       Volcano |    314 |    314 |      0 |      0 |    173 |   1 |  314.0 |
               +--------+--------+--------+--------+--------+-----+--------+

Top non-repeatable levels by time:
     D:9: 1760 daAuts
  Lair:1: 1554 daAuts
     D:5: 1425 daAuts
     D:7: 1353 daAuts
    D:10: 1241 daAuts
     D:8: 1216 daAuts
     D:6: 1045 daAuts
     D:4: 951 daAuts
     D:1: 836 daAuts
     D:3: 754 daAuts
     D:2: 679 daAuts
  Lair:2: 372 daAuts
 Volcano: 314 daAuts
